 Dungeon Crawl Stone Soup version 0.24.0-1-gfbc8707122 (webtiles) character file.

Game seed: 16174114106796642895, levelgen mode: deterministic

70 Caminho the Firebug (level 4, 0/40 HPs)
             Began as a Halfling Fire Elementalist on Oct 26, 2019.
             Shot with an arrow by a centaur (1 damage)
             ... on level 3 of the Dungeon.
             The game lasted 00:08:34 (2639 turns).

Caminho the Firebug (Halfling Fire Elementalist)    Turns: 2639, Time: 00:08:34

Health: 0/40       AC: 22    Str:  9    XL:     4   Next: 45%
Magic:  1/6        EV:  3    Int: 14    God:
Gold:   94         SH:  0    Dex: 19    Spells: 0/6 levels left

rFire    . . .     SeeInvis .   a - +0 dagger
rCold    . . .     Gourm    .   (shield restricted)
rNeg     + + +     Faith    .   (armour currently unavailable)
rPois    +         Spirit   .   (helmet currently unavailable)
rElec    .         Reflect  .   (cloak currently unavailable)
rCorr    .         Harm     .   (gloves currently unavailable)
MR       .....     NoTele   +   (boots currently unavailable)
Stlth    +++.......             (no amulet)
HPRegen  0.13/turn              (no ring)
MPRegen  0.10/turn              (no ring)

@: agile, tree-form
A: small, mutation resistance 1
a: no special abilities


You were on level 3 of the Dungeon.
You were not hungry.
You were a tree.
You visited 1 branch of the dungeon, and saw 3 of its levels.

You collected 94 gold pieces.

Inventory:

Hand Weapons
 a - a +0 dagger (weapon)
 d - a +2 mace of protection
 o - a +0 dagger of electrocution
Missiles
 b - 69 stones (quivered)
Armour
 c - a +0 robe (melded)
Jewellery
 n - a cursed -2 ring of strength {unknown}
 q - a +2 ring of dexterity {unknown}
Scrolls
 h - a scroll of immolation {unknown}
 j - a scroll of remove curse {unknown}
 m - a scroll of identify {unknown}
 T - a scroll of teleportation {@r3}
Potions
 l - a potion of flight
 Q - a potion of curing {@q1}
Comestibles
 p - 3 chunks of flesh
 z - 5 rations


   Skills:
 - Level 2.1 Dodging
 - Level 2.1 Stealth
 - Level 1.5 Spellcasting
 + Level 1.7 Conjurations
 * Level 4.4 Fire Magic


You couldn't memorise any spells.
You knew the following spells:

 Your Spells              Type           Power        Failure   Level  Hunger
a - Flame Tongue          Conj/Fire      #....        7%          1    ##.....
b - Throw Flame           Conj/Fire      #.....       11%         2    ###....
j - Conjure Flame         Conj/Fire      #.......     21%         3    ####...

Your spell library contained the following spells:

 Spells                   Type           Power        Failure   Level  Hunger
 Animate Skeleton         Necr           N/A          26%         1    ##.....
 Apportation              Tloc           #.....       26%         1    ##.....
 Confusing Touch          Hex            #.....       26%         1    ##.....
 Summon Small Mammal      Summ           #...         26%         1    ##.....
 Inner Flame              Hex/Fire       #.......     30%         3    ####...
 Sticky Flame             Conj/Fire      #.......     56%         4    #####..
 Fireball                 Conj/Fire      #.........   88%         5    ######.


Dungeon Overview and Level Annotations

Branches:
Dungeon (3/15)

Altars:
Makhleb
Qazlal

Annotations:
D:2 exclusions: adder and hound


Innate Abilities, Weirdness & Mutations

You are small and have problems with some larger weapons.
You are somewhat resistant to further mutation.


Message History

Confirm with . or Enter, or press ? or * to list all spells.
You don't have enough magic to cast that spell.
Unknown command.
Casting: Throw Flame (safe; 11% risk of failure)
Confirm with . or Enter, or press ? or * to list all spells.
You don't have enough magic to cast that spell.
Unknown command.
Casting: Throw Flame (safe; 11% risk of failure)
Confirm with . or Enter, or press ? or * to list all spells.
You can't see any susceptible monsters within range! (Use Z to cast anyway.) Unknown command.
As you read the scroll labeled ZONWUFR LYZE, it crumbles to dust.
You feel aware of your surroundings.
You sensed 2 altars.
It was a scroll of magic mapping.
The centaur shoots an arrow.
The arrow hits you but does no damage.
Okay, then.
As you read the scroll labeled TAOV YHUSH, it crumbles to dust.
The scroll dissolves into smoke.
It was a scroll of fog.
The centaur shoots an arrow.
The arrow hits you.
You die...

*,*,,,,**,#.###**,*****,,*,***
****,*,,,,,#,#.#.###,###**,,*,*
,,,,,,,,,,,#.#.#...,...,**,,*,***
****,**..#.#.#.#.###.##,**,,*,,,,
,,>,,<,......c........#.#*,,*****
,*,,,**..#.#?#§#........#*,,*****
,,,,,,,,.......c§§.......,,,,,,,,
,**,,*,,.#.#.#.#§#####..#*,,*****
,,,,,,,,,#,#.#.#♣#..,,*,**,,* *.
,,,,,,,*,*,#,#.#§#.#*,*,**,,* *.
,,,,,,,,,,,,,††#§#.#*.#,,*,,****.
*,,,,,,,,,,,,#.#.#.##.#..#..#,,+.
*,,,,,,,,,,,,..#.#.##.#..#..#,**.
*,,,,,,,,,,,,..#.#.##.#..#..#,**.
,,,,,,,,,,,,,,,#.#÷.#.#..#..#.##.
***,,,,,,,,,,,*#.#..#.#..#..#..#.
*,,,,,,,,,,,*##.....#..#..##.#.


You could see a centaur.

Vanquished Creatures
  2 adders
  2 oozes
  A dart slug
  A leopard gecko
  9 bats
  2 giant cockroaches
  3 goblins
  4 hobgoblins
  2 quokkas
  A frilled lizard
  7 kobolds
  7 rats
41 creatures vanquished.

Notes
Turn   | Place    | Note
-------+----------+-------------------------------------------
     0 | D:1      | Caminho the Halfling Fire Elementalist began the quest for
                  | the Orb.
     0 | D:1      | Reached XP level 1. HP: 11/11 MP: 3/3
   239 | D:1      | Reached skill level 1 in Conjurations
   508 | D:1      | Reached XP level 2. HP: 15/17 MP: 4/4
   546 | D:1      | Learned a level 2 spell: Throw Flame
  1156 | D:1      | Reached XP level 3. HP: 13/21 MP: 0/5
  1455 | D:2      | Reached skill level 4 in Fire Magic
  1660 | D:2      | Found a stormy altar of Qazlal.
  1836 | D:2      | Found a burning altar of Makhleb.
  1882 | D:2      | Reached XP level 4. HP: 27/27 MP: 0/6
  1984 | D:2      | Learned a level 3 spell: Conjure Flame
  2625 | D:3      | Noticed a centaur
  2631 | D:3      | HP: 3/27 [centaur/arrow (5)]
  2635 | D:3      | HP: 1/40 [centaur/arrow (8)]
  2639 | D:3      | Shot with an arrow by a centaur

Levels and vault maps discovered:
D:1:      wander_arrival_chamber, layout_loops_ring
D:2:      layout_rooms, makhleb_heckhound_becter, grunt_qazlal_clouds
D:3:      layout_basic, marbit_many_paths, overflow_temple_1_default,
          roderic_lattice_a, dk_noncrumbling_3, grunt_decor_cap, uniq_jessica,
          uniq_crazy_yiuf_cottage, uniq_ijyb

Skill      XL: |  1  2  3 |
---------------+----------+-----
Conjurations   | 1 |  1.7
Fire Magic     | 4 |  4.4
Dodging        | |  2.1
Stealth        | |  2.1
Spellcasting   | |  1.5

Action                   |  1- 3 |  4- 6 || total
-------------------------+-------+-------++-------
Melee: Dagger            |    35 |       ||    35
Throw: Stone             |     2 |     1 ||     3
 Cast: Flame Tongue      |    27 |    17 ||    44
       Throw Flame       |    13 |     8 ||    21
  Use: Scroll            |     1 |     2 ||     3
       Potion            |       |     4 ||     4
 Stab: Sleeping          |     3 |       ||     3
  Eat: Chunk             |     3 |     2 ||     5
       Ration            |       |     1 ||     1
Armor: Robe              |    12 |       ||    12
       Skin              |       |     3 ||     3
Dodge: Dodged            |    46 |     7 ||    53
